 Dungeon Crawl Stone Soup version 0.30-a0-777-ga9a30cbeda (webtiles) character file.

Game seed: 16679603807757984475

4582 qeuew the Blocker (level 10, -1/86 HPs)
             Began as a Hill Orc Fighter on Feb 14, 2023.
             Was a Follower of Lugonu.
             Slain by a gnoll sergeant
             ... wielding a +1 trident of distortion
              (10 damage)
             ... on level 8 of the Dungeon.
             The game lasted 00:10:31 (8398 turns).

qeuew the Blocker (Hill Orc Fighter)                Turns: 8398, Time: 00:10:31

Health: -1/86      AC: 11    Str: 27 (28) XL:     10   Next: 41%
Magic:  9/10       EV: 13    Int: 11      God:    Lugonu [*.....]
Gold:   307        SH:  7    Dex: 23 (24) Spells: 9/9 levels left

rFire   + + .      SeeInvis .    e - +3 mace of Ignis's Hope {drain, Fragile Str+4 Dex+6}
rCold   + . .      Faith    .    c - +0 buckler
rNeg    + . .      Spirit   .    b - +0 scale mail
rPois   +          Reflect  .    (no helmet)
rElec   +          Harm     .    s - +2 cloak
rCorr   +          Rampage  .    (no gloves)
Will    ++...                    (no boots)
Stlth   +                        (no amulet)
HPRegen 0.34/turn                g - ring of protection from fire
MPRegen 0.12/turn                k - ring of the Devil's Team {rN+ Will+ Str+2 Int+3 Dex+6}

@: mighty, resistant
A: deterioration 2, strong-willed 1
a: Renounce Religion, Depart the Abyss


You were on level 8 of the Dungeon.
You worshipped Lugonu.
Lugonu was aware of your devotion.
You visited 2 branches of the dungeon, and saw 9 of its levels.
You visited the Abyss 1 time.

You collected 1042 gold pieces.
You paid 735 gold pieces to Gozag.

Inventory:

Hand Weapons
 a - a +1 war axe
 e - the +3 mace of Ignis's Hope (weapon) {drain, Fragile Str+4 Dex+6}
   (You found it on level 2 of the Dungeon)

   Str:       It affects your strength (+4).
   Dex:       It affects your dexterity (+6).
   Fragile:   It will be destroyed if unequipped.
Armour
 b - a +0 scale mail (worn)
 c - a +0 buckler (worn)
 s - a +2 cloak (worn)
Jewellery
 g - a ring of protection from fire (left hand)
 k - the ring of the Devil's Team (right hand) {rN+ Will+ Str+2 Int+3 Dex+6}
   (You acquired it on level 7 of the Dungeon)

   [ring of dexterity]

   Str:       It affects your strength (+2).
   Int:       It affects your intelligence (+3).
   Dex:       It affects your dexterity (+6).
   rN:        It protects you from negative energy.
   Will:      It increases your willpower.
Wands
 f - a wand of roots (8)
 i - a wand of flame (46)
 r - a wand of mindburst (11)
Scrolls
 h - 2 scrolls of fog
 o - a scroll of enchant weapon
 p - 2 scrolls of identify
 u - a scroll of amnesia {unknown}
Potions
 d - 2 potions of might
 j - a potion of cancellation {unknown}
 n - 2 potions of flight
 q - a potion of mutation


   Skills:
 + Level 7.3 Fighting
 + Level 7.7(8.8) Axes
 + Level 5.5(6.9) Maces & Flails
 + Level 6.7 Armour
 + Level 4.0 Dodging
 * Level 9.1 Shields
 + Level 4.6 Evocations


You had 9 spell levels left.
You didn't know any spells.
Your spell library contained the following spells:

 Spells                   Type           Power      Damage    Failure   Level
 Apportation              Tloc           0%         N/A       65%         1
 Beastly Appendage        Tmut           0%         N/A       65%         1
 Necrotise                Necr           0%         1d4       65%         1
 Summon Small Mammal      Summ           0%         N/A       65%         1
 Blink                    Tloc           0%         N/A       80%         2
 Lesser Beckoning         Tloc           0%         N/A       80%         2
 Momentum Strike          Conj/Tloc      0%         3d8       80%         2
 Ignite Poison            Fire/Tmut/Pois 0%         N/A       95%         3
 Ozocubu's Armour         Ice            0%         N/A       95%         3
 Vampiric Draining        Necr           0%         2d6       95%         3
 Agony                    Necr           0%         N/A       100%        5
 Ozocubu's Refrigeration  Ice            0%         4d7       100%        7
 Summon Hydra             Summ           0%         N/A       100%        7
 Summon Horrible Things   Summ           0%         N/A       100%        8


Dungeon Overview and Level Annotations

Branches:
Dungeon (8/15)             Temple (1/1) D:4
   Lair: D:8-11

Altars:
Ashenzari
Cheibriados
Dithmenos
Elyvilon
Gozag
Hepliaklqana
Kikubaaqudgha
Nemelex Xobeh
Okawaru
Qazlal
Ru
Sif Muna
Uskayaw
Yredelemnul
Zin
The Shining One


Innate Abilities, Weirdness & Mutations

Your body often deteriorates upon taking damage.
You are strong-willed. (Will+)


Message History

The thrashing horror attacks as you move away!
The thrashing horror closely misses you.
The thrashing horror tramples you. The thrashing horror tramples you!
* * * LOW HITPOINT WARNING * * *
Your body deteriorates!
You feel weakened.
You hold your ground!
The thrashing horror closely misses you.
The thrashing horror attacks as you move away!
The thrashing horror misses you. The thrashing horror barely misses you.
You feel yourself slow down.
The thrashing horror tramples you but does no damage.
You block the thrashing horror's attack.
There is a corrupted altar of Lugonu here.
You kneel at the altar of Lugonu.
You have lost your religion!
Gozag does not appreciate desertion!
Lugonu welcomes you!
You can now depart the Abyss.
You can now banish your foes.
You block the thrashing horror's attack.
The thrashing horror completely misses you.
You block the thrashing horror's attack.
The thrashing horror tramples you.
* * * LOW HITPOINT WARNING * * *
You stumble backwards!
You pass through the gate.
Welcome back to the Dungeon!
You can no longer banish your foes.
The orc warrior unwields a +0 long sword.
The orc warrior wields a +0 arbalest.
The orc warrior shoots a bolt.
You block the bolt.
Things that are here:
5 gold pieces; a +0 robe; a +0 dagger
Okay, then.
You feel better.
The orc warrior shoots a bolt.
The bolt hits you!
* * * LOW HITPOINT WARNING * * *
Your body deteriorates!
You feel clumsy.
The gnoll sergeant hits you from afar with a +1 trident of distortion.
* * * LOW HITPOINT WARNING * * *
Space warps horribly around you!
You die...

##### ....###
#.### ..#^ ##
###.#.# #.#.~..
##.#..## # #.#.#
.?o....#?.~~.##.
#.#.#
.~##~..#~~.#..~#
#...#
#...#.≈~###.#~.~
#####.#
.~⌠..#⌠≈.#....)~
......#
...!..#~#~...~#
#####.#
#..#~≈#$@.g#
#.####.^..#$#~^.~#
#...#######.######
###.........#
###########


You could see an orc warrior and a gnoll sergeant.

Vanquished Creatures
  A thrashing horror (Abyss:2)
  Maggie (D:7)
  Grinder (D:5)
  A hornet (D:8)
  Eustachio (D:6)
  2 wyverns (D:8)
  A yak (D:8)
  2 steam dragons (D:7)
  A neqoxec (Abyss:2)
  Edmund (D:5)
  2 black bears
  2 ice beasts
  An orc warrior (D:7)
  An ogre (D:6)
  3 centaurs
  A phantom (D:4)
  2 kobold brigands (D:6)
  A bullfrog (D:8)
  2 necrophages (D:5)
  A scorpion (D:3)
  5 wights (D:8)
  A killer bee (D:8)
  A howler monkey (D:6)
  2 jellies (D:5)
  2 hounds
  Crazy Yiuf (D:7)
  An orc priest (D:7)
  2 iguanas
  7 orc wizards
  7 gnolls
  10 adders
  A white imp (D:6)
  An ufetubus (D:6)
  3 worms
  4 dart slugs
  20 orcs
  8 ball pythons
  5 bats
  5 endoplasms
  5 giant cockroaches
  10 goblins
  13 hobgoblins
  5 jackals
  5 quokkas
  A frilled lizard (D:2)
  16 kobolds
  6 rats
175 creatures vanquished.

Vanquished Creatures (others)
  2 plants (D:2)
  6 starspawn tentacles (Abyss:2)
8 creatures vanquished.

Grand Total: 183 creatures vanquished

Notes
Turn   | Place    | Note
-------+----------+-------------------------------------------
     0 | D:1      | qeuew the Hill Orc Fighter began the quest for the Orb.
     0 | D:1      | Reached XP level 1. HP: 19/19 MP: 1/1
    59 | D:1      | Reached XP level 2. HP: 27/27 MP: 2/2
   181 | D:1      | Reached XP level 3. HP: 33/33 MP: 3/3
   398 | D:1      | You fall into a shaft and drop 1 floor!
   751 | D:1      | Gained mutation: You are frail. (-10% HP) [potion of
                  | mutation]
   751 | D:1      | Gained mutation: Your muscles are strong. (Str +4, Int/Dex
                  | -1) [potion of mutation]
   752 | D:1      | Lost mutation: Your muscles are strong. (Str +4, Int/Dex
                  | -1) [potion of mutation]
   752 | D:1      | Lost mutation: You are frail. (-10% HP) [potion of
                  | mutation]
   752 | D:1      | Gained mutation: You are strong-willed. (Will+) [potion of
                  | mutation]
   828 | D:2      | Identified the +3 mace of Ignis's Hope {drain, Fragile
                  | Str+4 Dex+6}
   952 | D:2      | Reached XP level 4. HP: 40/40 MP: 4/4
   962 | D:2      | Reached skill level 4 in Shields
  1277 | D:2      | Found a faded altar of an unknown god.
  1302 | D:3      | Noticed a scorpion
  1307 | D:3      | Killed a scorpion
  1308 | D:3      | Reached skill level 1 in Dodging
  1308 | D:3      | Reached XP level 5. HP: 29/46 MP: 5/5
  1492 | D:3      | Reached skill level 1 in Maces & Flails
  2098 | D:3      | Noticed a black bear
  2106 | D:3      | Killed a black bear
  2107 | D:3      | Reached XP level 6. HP: 27/53 MP: 6/6
  2574 | D:4      | Reached skill level 5 in Shields
  2715 | D:4      | Reached XP level 7. HP: 60/60 MP: 7/7
  2843 | D:4      | Found a staircase to the Ecumenical Temple.
  2929 | Temple   | Entered the Ecumenical Temple
  3069 | Temple   | Became a worshipper of Gozag Ym Sagoz the Greedy
  3354 | D:4      | Got the Incunable of Amorphous Command
  3458 | D:5      | Entered Level 5 of the Dungeon
  3467 | D:5      | Noticed Grinder
  3487 | D:5      | Killed Grinder
  3488 | D:5      | Reached skill level 5 in Fighting
  3488 | D:5      | Reached skill level 5 in Axes
  3488 | D:5      | Reached skill level 1 in Evocations
  3986 | D:5      | Reached XP level 8. HP: 15/68 MP: 8/8
  4192 | D:5      | Reached skill level 6 in Shields
  4308 | D:5      | Noticed Edmund
  4334 | D:5      | Killed Edmund
  4335 | D:5      | Reached skill level 5 in Armour
  4476 | D:5      | Found a sacrificial altar of Ru.
  5367 | D:6      | Noticed Eustachio
  5386 | D:6      | Killed Eustachio
  5626 | D:6      | Found a stormy altar of Qazlal.
  5639 | D:6      | Reached skill level 7 in Shields
  5643 | D:6      | Reached XP level 9. HP: 31/75 MP: 9/9
  6585 | D:7      | Noticed Maggie
  6604 | D:7      | Killed Maggie
  6610 | D:7      | Reached skill level 8 in Shields
  6783 | D:7      | Found a runed translucent door.
  6784 | D:7      | Noticed Crazy Yiuf
  6950 | D:7      | Found a basalt altar of Yredelemnul.
  7336 | D:7      | Killed Crazy Yiuf
  7339 | D:7      | Identified a scroll of acquirement
  7341 | D:7      | Acquired the ring of the Devil's Team {rN+ Will+ Str+2
                  | Int+3 Dex+6}
  7695 | D:8      | Noticed a hornet
  7703 | D:8      | Reached skill level 5 in Maces & Flails
  7704 | D:8      | Paralysed by a hornet for 1 turns
  7710 | D:8      | Killed a hornet
  7711 | D:8      | Reached XP level 10. HP: 71/86 MP: 10/10
  7877 | D:8      | Found a white marble altar of Elyvilon.
  7944 | D:8      | HP: 3/86 [wyvern (7)]
  8295 | Abyss:2  | Cast into level 2 of the Abyss (gnoll sergeant)
  8306 | Abyss:2  | Noticed a thrashing horror
  8339 | Abyss:2  | Noticed a rakshasa
  8348 | Abyss:2  | Noticed a tentacled starspawn
  8355 | Abyss:2  | Killed a thrashing horror
  8356 | Abyss:2  | Reached skill level 9 in Shields
  8375 | Abyss:2  | Gained mutation: Your body sometimes deteriorates upon
                  | taking damage. [a neqoxec]
  8378 | Abyss:2  | Noticed a large abomination
  8381 | Abyss:2  | Noticed a deep elf sorcerer
  8382 | Abyss:2  | Gained mutation: Your body often deteriorates upon taking
                  | damage. [a neqoxec]
  8385 | Abyss:2  | Noticed a thrashing horror
  8390 | Abyss:2  | Found a corrupted altar of Lugonu.
  8396 | Abyss:2  | Fell from the grace of Gozag
  8396 | Abyss:2  | Became a worshipper of Lugonu the Unformed
  8396 | Abyss:2  | Reached * piety under Lugonu
  8396 | Abyss:2  | Reached ** piety under Lugonu
  8397 | D:8      | Escaped the Abyss
  8398 | D:8      | Slain by a gnoll sergeant

Illustrated notes

Levels and vault maps discovered:
D:1:      minmay_arrival_split_and_join, layout_basic, interstate_on_off,
          grunt_decor_clamped
D:2:      cheibrodos_old_hovel, layout_rooms,
          hellmonk_ecumenical_altar_inner_sanctum
D:3:      layout_loops_corners
D:4:      layout_loops_cross, minmay_temple_entry_ruins, minmay_starry_boxes
D:5:      layout_loops_corners, mainiacjoe_overflow_catwalk,
          kennysheep_generic_room_4, uniq_edmund, uniq_grinder
D:6:      layout_gridville, mainiacjoe_overflow_boulevard,
          hangedman_decor_slide_cut, minmay_crossroads, uniq_eustachio
D:7:      layout_loops_corners, old_standard_altar, uniq_crazy_yiuf_cottage,
          uniq_maggie
D:8:      layout_loops_ring, lemuel_crystal_altar, elyvilon_altar_1, minitemple,
          tgw_xom, nicolae_titane
Temple:   hellmonk_temple_flake

Skill      XL: |  1  2  3  4  5  6  7  8  9 10 |
---------------+-------------------------------+-----
Axes           | 3 4 5 6 7 |  7.7
Fighting       | 4 5 6 7 |  7.3
Shields        | 4 5 7 8 9 |  9.1
Dodging        | 1 2 3 4 |  4.0
Maces & Flails | 1 2 3 5 |  5.5
Armour         | 4 5 6 |  6.7
Evocations     | 1 3 4 |  4.6

Action                     |  1- 3 |  4- 6 |  7- 9 | 10-12 || total
---------------------------+-------+-------+-------+-------++-------
  Melee: War axe           |    65 |       |       |       ||    65
         Mace              |     8 |   144 |   346 |    68 ||   566
 Invoke: Depart the Abyss  |       |       |       |     1 ||     1
         Potion Petition   |       |       |       |     1 ||     1
    Use: Scroll            |     2 |     5 |    10 |     2 ||    19
         Potion            |     2 |     1 |     3 |     2 ||     8
 Armour: Scale mail        |    32 |    70 |   179 |    35 ||   316
  Dodge: Dodged            |    27 |   101 |   232 |    62 ||   422
  Block: Buckler           |    15 |    53 |   150 |    51 ||   269

Table legend: (Time is in decaauts)
 A = Elapsed time spent in this place.
 B = Non-inter-level travel time spent in this place.
 C = Inter-level travel time spent in this place.
 D = Time resting spent in this place.
 E = Time spent auto-exploring this place.
 F = Levels seen in this place.
 G = Mean time per level.
                   A        B        C        D        E       F      G
               +--------+--------+--------+--------+--------+-----+--------+
         Total |   8527 |   8223 |    304 |     25 |   6796 |  10 |  852.7 |
       Dungeon |   8288 |   8017 |    271 |     25 |   6693 |   8 | 1036.0 |
        Temple |    150 |    118 |     32 |      0 |    103 |   1 |  150.0 |
         Abyss |     87 |     87 |      0 |      0 |      0 |   1 |   87.0 |
               +--------+--------+--------+--------+--------+-----+--------+

Top non-repeatable levels by time:
     D:5: 1390 daAuts
     D:7: 1312 daAuts
     D:6: 1293 daAuts
     D:3: 1124 daAuts
     D:4: 924 daAuts
     D:8: 909 daAuts
     D:1: 811 daAuts
     D:2: 523 daAuts
  Temple: 150 daAuts
 Abyss:2: 87 daAuts
